 Dungeon Crawl Stone Soup version 0.27-a0-684-g359e429f13 (webtiles) character file.

Game seed: 13835702915801849331

53 Aggronaut the Ruffian (level 3, 0/28 HPs)
             Began as a Draconian Transmuter on Mar 20, 2021.
             Killed from afar by Sigmund (11 damage)
             ... with a puff of flame
             ... on level 2 of the Dungeon.
             The game lasted 00:03:52 (1909 turns).

Aggronaut the Ruffian (Draconian Transmuter)        Turns: 1909, Time: 00:03:52

Health: 0/28       AC:  5    Str: 12    XL:     3   Next: 62%
Magic:  6/6        EV: 12    Int: 14    God:
Gold:   92         SH:  0    Dex: 11    Spells: 5/6 levels left

rFire    . . .     SeeInvis .     - Unarmed
rCold    . . .     Faith    .   (no shield)
rNeg     . . .     Spirit   .   (armour unavailable)
rPois    .         Reflect  .   (helmet restricted)
rElec    .         Harm     .   (no cloak)
rCorr    .         Rampage  .   (no gloves)
Will     .....                  (no boots)
Stlth    +.........             g - amulet of magic regeneration
HPRegen  0.09/turn              (no ring)
MPRegen  0.35/turn              (no ring)

@: confused, ambrosia-drunk
A: AC +5, unfitting armour, cold-blooded
a: no special abilities


You were on level 2 of the Dungeon.
You visited 1 branch of the dungeon, and saw 2 of its levels.

You collected 92 gold pieces.

Inventory:

Missiles
 c - 8 javelins (quivered)
Jewellery
 b - a ring of flight
 g - an amulet of magic regeneration (around neck)
Scrolls
 h - a scroll of fog {unknown}
 i - a scroll of noise {unknown}
Potions
 d - a potion of cancellation
 e - a potion of flight


   Skills:
 - Level 1.1 Fighting
 - Level 1.7 Dodging
 + Level 3.5 Unarmed Combat
 - Level 2.0 Spellcasting
 * Level 3.5 Transmutations


You had 5 spell levels left.
You knew the following spells:

 Your Spells              Type           Power      Damage    Failure   Level
a - Beastly Appendage     Tmut           22%        N/A       5%          1

Your spell library contained the following spells:

 Spells                   Type           Power      Damage    Failure   Level
 Wereblood                Tmut           11%        N/A       9%          2
 Spider Form              Tmut/Pois      3%         N/A       34%         3
 Ice Form                 Ice/Tmut       6%         N/A       75%         4
 Blade Hands              Tmut           5%         N/A       83%         5


Dungeon Overview and Level Annotations

Branches:
Dungeon (2/15)

Altars:
Cheibriados
Gozag
Nemelex Xobeh

Annotations:
D:2 Sigmund


Innate Abilities, Weirdness & Mutations

Your plain brown scales are hard. (AC +5)
You cannot fit into any form of body armour.
You are cold-blooded and may be slowed by cold attacks.


Message History

The hobgoblin is almost dead.
The hobgoblin closely misses you.
You hit the hobgoblin.
You kill the hobgoblin!
You now have 92 gold pieces (gained 8).
You start resting.
HP restored.
There is an open door here.
Sigmund the Dreaded comes into view.
He is wielding a +0 scythe and carrying a wand of flame (23).
Sigmund shouts!
Sigmund casts a spell at you. The puff of flame hits you.
Sigmund zaps a wand.
The puff of flame hits you.
You start putting on your amulet.
You continue putting on your amulet of magic regeneration.
Sigmund gestures at you while chanting.
Keep equipping yourself? [Y]es or [N]o only, please.
Keep equipping yourself?
The puff of flame misses you.
You continue putting on your amulet of magic regeneration. x4
You finish putting on your amulet of magic regeneration.
g - an amulet of magic regeneration (around neck) Sigmund zaps a wand.
The puff of flame hits you.
There is an open door here.
As you read the scroll labelled JIUVIT YDEGOJ, it crumbles to dust.
It is a scroll of identify.
d - a potion of cancellation
As you read the scroll of identify, it crumbles to dust.
e - a potion of flight Sigmund closely misses you.
You close the door.
Sigmund opens the door.
Sigmund hits you from afar with a +0 scythe!
* * * LOW HITPOINT WARNING * * *
As you read the scroll of identify, it crumbles to dust.
f - a potion of ambrosia Sigmund zaps a wand.
The puff of flame hits you.
* * * LOW HITPOINT WARNING * * *
You are confused.
You feel invigorated.
Sigmund zaps a wand.
The puff of flame hits you!
You die...

#.......#...#.......#
#......)'...'.†..(..#
#.......#...#.......#
##.....##...##.....##
##...###...###...##
##### #...# #####
##...###...###...##
##.....##...##.....##
#......@#...#.......#
#.......'.@.'.†.....#
#.....[.#...#.......#
##.....##...##.....###
##...###@..###...##.#
##### #...# ######.###
#...# #.... #...#
##### #...# ##


You could see Sigmund.

Vanquished Creatures
  2 oozes (D:1)
  A worm (D:2)
  4 dart slugs
  5 bats
  4 giant cockroaches
  3 goblins
  2 hobgoblins (D:2)
  2 jackals (D:1)
  2 kobolds
  A quokka (D:1)
  3 frilled lizards
  3 rats
32 creatures vanquished.

Notes
Turn   | Place    | Note
-------+----------+-------------------------------------------
     0 | D:1      | Aggronaut the Draconian Transmuter began the quest for the
                  | Orb.
     0 | D:1      | Reached XP level 1. HP: 16/16 MP: 3/3
   250 | D:1      | Reached XP level 2. HP: 19/23 MP: 5/5
   821 | D:1      | Reached XP level 3. HP: 24/28 MP: 6/6
  1207 | D:2      | Found an opulent altar of Gozag.
  1241 | D:2      | Found a snail-covered altar of Cheibriados.
  1474 | D:2      | Found a sparkling altar of Nemelex Xobeh.
  1890 | D:2      | Noticed Sigmund
  1909 | D:2      | Killed from afar by Sigmund

Illustrated notes

Levels and vault maps discovered:
D:1:      dpeg_arrival_circle_labyrinth_b, layout_basic
D:2:      kennysheep_six_static_rooms, layout_loops_ring,
          nicolae_gozag_seed_capital, kennysheep_slug_shrine,
          old_standard_altar, uniq_sigmund

Skill      XL: |  1  2 |
---------------+-------+-----
Transmutations | 3 |  3.5
Fighting       | |  1.1
Dodging        | |  1.7
Unarmed Combat | |  3.5
Spellcasting   | |  2.0

Action                   || total
-------------------------++-------
Melee: Unarmed           ||   119
       Tailslap          ||     9
       Punch             ||     3
       Kick              ||     1
Throw: Javelin           ||     2
 Cast: Beastly Appendage ||     1
  Use: Scroll            ||     3
       Potion            ||     1
 Stab: Sleeping          ||     1
Armor: Skin              ||    30
Dodge: Dodged            ||    73

Table legend: (Time is in decaauts)
 A = Elapsed time spent in this place.
 B = Non-inter-level travel time spent in this place.
 C = Inter-level travel time spent in this place.
 D = Time resting spent in this place.
 E = Time spent auto-exploring this place.
 F = Levels seen in this place.
 G = Mean time per level.
                   A        B        C        D        E       F      G
               +--------+--------+--------+--------+--------+-----+--------+
         Total |   1904 |   1810 |     94 |    200 |   1251 |   2 |  952.0 |
       Dungeon |   1904 |   1810 |     94 |    200 |   1251 |   2 |  952.0 |
               +--------+--------+--------+--------+--------+-----+--------+

Top non-repeatable levels by time:
     D:1: 1178 daAuts
     D:2: 726 daAuts
